 Dungeon Crawl Stone Soup version 0.31.0-1-g2c135a008e (webtiles) character file.

Game seed: 1362567631872176251

283 qw the Trooper (level 6, -2/49 HPs)
             Began as a Djinni Hunter on Jan 23, 2024.
             Slain by a hobgoblin (3 damage)
             ... led by Robin
             ... on level 3 of the Dungeon.
             The game lasted 00:00:07 (1931 turns).

qw the Trooper (Djinni Hunter)                      Turns: 1931, Time: 00:00:08

Health: -2/49      AC:  5    Str: 10    XL:     6   Next: 54%
Gold:   81         EV: 17    Int: 11    God:
                   SH:  0    Dex: 24

rFire   + + .        a - +0 shortbow
rCold   x . .        (shield currently unavailable)
rNeg    . . .        g - +0 ring mail
rPois   inf          (no helmet)
rElec   .            (no cloak)
rCorr   .            (no gloves)
SInv    .            (boots unavailable)
Will    .....        (no amulet)
Stlth   +            d - +6 ring of dexterity
HPRegen 0.28/turn    j - +5 ring of evasion
MPRegen 0.00/turn

%: infuse magic (-3 HP)
@: flying
A: sickness immunity, fire resistance 2, cold vulnerability 1, float, innate
caster, HP casting, extra vitality 1
a: no special abilities


You were on level 3 of the Dungeon.
You visited 1 branch of the dungeon, and saw 3 of its levels.

You collected 81 gold pieces.


Innate Abilities, Weirdness & Mutations

You are immune to sickness and miasma.
You are immune to poison.
Your flesh is very heat resistant. (rF++)
You are vulnerable to cold. (rC-)
You float through the air rather than walking.
You learn spells naturally, not from books.
Your magical power is your life essence.
You have superior vitality. (+4 MHP)


   Skills:
 - Level 5.0 Fighting
 + Level 4.0 Ranged Weapons
 - Level 1.8 Armour
 - Level 3.0 Dodging
 - Level 0.7 Stealth


You knew the following spells:

 Your Spells              Type           Power      Damage    Failure   Level
a - Foxfire               Conj/Fire      0%         2x1d4     65%         1
b - Jinxbite              Hex            0%         N/A       80%         2
Your spell library was empty.

Inventory:

Hand Weapons
 a - a +0 shortbow (weapon)
Armour
 g - a +0 ring mail (worn)
Jewellery
 d - a +6 ring of dexterity (left hand)
 j - a +5 ring of evasion (right hand)
Potions
 b - a potion of curing
 c - a potion of enlightenment

Dungeon Overview and Level Annotations

Branches:
Dungeon (3/15)

Altars:
Ru

Shops:
D:1 !

Annotations:
D:3 Robin


Message History

Robin is heavily wounded.
The hobgoblin no longer looks unusually strong.
The goblin misses you. The goblin hits you with a +0 dagger.
The goblin closely misses you. The hobgoblin completely misses you.
The hobgoblin hits you but does no damage.
The goblin hits you with a +0 dagger. The goblin completely misses you.
You shoot an arrow. The arrow completely misses Robin.
The goblin hits you with a +0 club. The hobgoblin misses you.
The hobgoblin hits you. The goblin barely misses you.
The goblin closely misses you.
You shoot an arrow.
The arrow hits Robin but does no damage.
Robin is heavily wounded.
The goblin no longer looks unusually strong.
The hobgoblin no longer looks unusually strong. x2
The goblin misses you. The hobgoblin closely misses you.
The hobgoblin misses you. The goblin barely misses you. x2
Robin roars a battlecry!
The goblins go into a battle-frenzy!
The hobgoblin misses you. The goblin closely misses you.
The hobgoblin closely misses you.
You shoot an arrow. The arrow barely misses Robin.
The arrow hits the goblin.
The goblin is heavily wounded.
The goblin no longer looks unusually strong.
The goblin completely misses you. The goblin misses you. x2
The hobgoblin closely misses you. The hobgoblin hits you.
The goblin hits you with a +0 club. The goblin closely misses you.
You shoot an arrow. The arrow barely misses Robin.
The arrow closely misses the goblin.
Robin barely misses you. The goblin closely misses you.
The hobgoblin barely misses you. The hobgoblin closely misses you.
The goblin closely misses you. The goblin hits you but does no damage.
You shoot an arrow.
The arrow hits Robin but does no damage.
Robin is heavily wounded.
Robin says, "Bow before me, strongest of all the hobgoblins!"
The goblin misses you. The hobgoblin closely misses you.
The hobgoblin hits you. The goblin barely misses you.
The goblin closely misses you. The hobgoblin hits you. x2
You die...

####### #.....#
#.....#######
###....g.......
......gggg.....
#
......g@gg.....
#
...####g#####..
. +....# #
####.#### #
#......# #
#####.##.# #
#####
##......#.# ##
#...#
##..####.#.#
.###...# #..##
#.#(#


You could see Robin, 3 hobgoblins and 5 goblins.

Vanquished Creatures
  Sigmund (D:2)
  Jessica (D:2)
  An orc wizard (D:3)
  2 adders
  A dart slug (D:1)
  2 orcs (D:3)
  6 ball pythons
  3 bats
  3 endoplasms
  2 giant cockroaches (D:2)
  6 goblins
  4 hobgoblins
  2 jackals (D:1)
  3 quokkas
  3 frilled lizards
  7 kobolds
  4 rats (D:1)
51 creatures vanquished.

Notes
Turn   | Place    | Note
-------+----------+-------------------------------------------
     0 | D:1      | qw the Djinni Hunter began the quest for the Orb.
     0 | D:1      | Reached XP level 1. HP: 18/18 MP: 0/0
     0 | D:1      | 0 ||| qw: Version: 0.3-a-136-gdd3b4e8
     0 | D:1      | 0 ||| qw: Game counter: 1166
     0 | D:1      | 0 ||| qw: Melee chars always use a shield: true
     0 | D:1      | 0 ||| qw: God list: Okawaru
     0 | D:1      | 0 ||| qw: Allow faded altars: false
     0 | D:1      | 0 ||| qw: Do Orc after clearing Dungeon:15 true
     0 | D:1      | 0 ||| qw: Do second Lair branch before Depths: true
     0 | D:1      | 0 ||| qw: Lair rune preference: random
     0 | D:1      | 0 ||| qw: Goals: Normal
     0 | D:1      | 0 ||| PLANNING D:1-11
   234 | D:1      | Reached XP level 2. HP: 12/23 MP: 0/0
   530 | D:1      | Reached XP level 3. HP: 25/28 MP: 0/0
   530 | D:1      | Learned a level 1 spell: Foxfire
   830 | D:1      | Found Zyithrong's Distillery.
   834 | D:1      | 834 ||| SHOPLISTING potion of heal wounds (60 gold, have
                  | 40).
   834 | D:1      | 834 ||| SHOPLISTING potion of mutation (96 gold, have 40).
  1063 | D:1      | 1063 ||| UPGRADING to +0 ring mail.
  1073 | D:1      | 1073 ||| DROPPING +0 leather armour.
  1074 | D:1      | 1074 ||| UPGRADING to +6 ring of dexterity.
  1075 | D:1      | 1075 ||| READING scroll labelled PEORPHE KYSSOO.
  1076 | D:1      | 1076 ||| READING 5 scrolls labelled ASIMUZ SIATOAKK.
  1077 | D:1      | 1077 ||| DROPPING scroll of butterflies.
  1152 | D:2      | Noticed Jessica
  1155 | D:2      | Killed Jessica
  1156 | D:2      | Reached skill level 1 in Armour
  1156 | D:2      | Reached XP level 4. HP: 33/33 MP: 0/0
  1240 | D:2      | You are sucked into a shaft and drop 1 floor!
  1255 | D:3      | 1255 ||| FLEEEEING.
  1460 | D:2      | Noticed Sigmund
  1468 | D:2      | 1468 ||| DRINKING 2 emerald potions.
  1471 | D:2      | Killed Sigmund
  1472 | D:2      | Reached skill level 5 in Fighting
  1472 | D:2      | Reached XP level 5. HP: 33/43 MP: 0/0
  1472 | D:2      | Learned a level 2 spell: Jinxbite
  1472 | D:2      | Reached XP level 6. HP: 38/49 MP: 0/0
  1511 | D:2      | Found a sacrificial altar of Ru.
  1763 | D:2      | 1763 ||| UPGRADING to +5 ring of evasion.
  1764 | D:2      | 1764 ||| READING 4 scrolls of identify.
  1764 | D:2      | 1764 ||| IDENTIFYING glowing sapphire potion
  1765 | D:2      | 1765 ||| READING 3 scrolls of identify.
  1765 | D:2      | 1765 ||| IDENTIFYING cyan potion
  1766 | D:2      | 1766 ||| READING 2 scrolls of identify.
  1766 | D:2      | 1766 ||| IDENTIFYING golden potion
  1767 | D:2      | 1767 ||| READING scroll of identify.
  1767 | D:2      | 1767 ||| IDENTIFYING scroll labelled PECWAEPSIA
  1768 | D:2      | 1768 ||| DROPPING scroll of revelation.
  1769 | D:2      | 1769 ||| DROPPING potion of magic.
  1770 | D:2      | 1770 ||| DROPPING potion of ambrosia.
  1913 | D:3      | Identified the +0 helmet of the Nexus {Str+3}
  1913 | D:3      | Noticed Robin
  1925 | D:3      | Reached skill level 3 in Dodging
  1927 | D:3      | HP: 9/49 [hobgoblin[Robin] (5)]
  1931 | D:3      | HP: 2/49 [hobgoblin[Robin] (5)]
  1931 | D:3      | Slain by a hobgoblin

Levels and vault maps discovered:
D:1:      lemuel_arrival_cross, layout_basic, serial_shops,
          nicolae_shop_tiny_waterfront, interstate_on_off
D:2:      minmay_wonky_spiral, layout_basic, basic_altar, nicolae_the_louvre,
          uniq_jessica, uniq_sigmund
D:3:      layout_basic, hangedman_decor_points, uniq_robin

Skill      XL: |  1  2  3  4  5  6 |
---------------+-------------------+-----
Ranged Weapons | 4 |  4.0
Armour         | 1 |  1.8
Fighting       | 5 |  5.0
Dodging        | 3 |  3.0
Stealth        | |  0.7

Action                     |  1- 3 |  4- 6 || total
---------------------------+-------+-------++-------
   Fire: Shortbow          |    63 |    82 ||   145
    Use: Scroll            |     2 |     4 ||     6
         Potion            |       |     1 ||     1
 Armour: Leather armour    |    23 |       ||    23
         Ring mail         |       |    41 ||    41
  Dodge: Dodged            |    16 |    66 ||    82

Table legend:
 A = Non-vault XP
 B = Vault XP
 C = Vault XP percentage of total XP
 D = Non-vault monster count
 E = Vault monster count
 F = Vault count percentage of total count
                 A         B        C        D         E       F
            +---------+---------+-------+---------+---------+-------
      Total |     117 |     288 |  71.1 |      42 |       9 |  17.6
            +---------+---------+-------+---------+---------+-------
        D:1 |      38 |       0 |   0.0 |      22 |       0 |   0.0
        D:2 |      20 |     282 |  93.4 |      13 |       6 |  31.6
        D:3 |      59 |       6 |   9.2 |       7 |       3 |  30.0
            +---------+---------+-------+---------+---------+-------
